Punishers vs Thunderbirds
(R2)
Created - May 15, 2021 at 19:05
Goals
|
| Punishers |
0 |
2 |
1 |
3 |
| Thunderbirds |
1 |
1 |
2 |
4 |
|
Shots
|
| Punishers |
12 |
14 |
7 |
33 |
| Thunderbirds |
13 |
13 |
10 |
36 |
|
1st period
1. Thunderbirds , Valentin Zykov 1 (Christoffer Ehn 1, Brandon Montour 1) at 9:54
Penalties :
Joseph Cramarossa (Pro) for Hooking (Minor) at 1:15, Adam Pelech (Pro) for Hooking (Minor) at 10:02, Austen Brassard (Pro) for Interference (Minor) at 19:48
2nd period
2. Thunderbirds , Timo Meier 1 (Devin Shore 1, Jujhar Khaira 1) at 0:14 (PP)
3. Punishers , John Quenneville 1 (Nikita Gusev 1, Adam Pelech 1) at 3:59
4. Punishers , Radek Faksa 1 (Daniel Audette 1) at 11:00
Penalties :
Andreas Athanasiou (Pro) for Roughing (Minor) at 0:23, Patrick Wey (Spr) for Tripping (Minor) at 7:59, Michael Joly (Pro) for Hooking (Minor) at 12:29, Nikita Gusev (Pro) for Holding (Minor) at 15:45
3rd period
5. Thunderbirds , Roope Hintz 1 (T.J. Tynan 1, Patrick Wey 1) at 0:27
6. Thunderbirds , Dylan Sikura 1 (Patrick Wey 2, Valentin Zykov 1) at 10:30
7. Punishers , Adam Pelech 1 (Unassisted) at 14:26
Penalties :
Fredrik Claesson (Pro) for Holding (Minor) at 1:18, Ethan Bear (Spr) for Roughing (Minor) at 4:34, Corey Tropp (Pro) for Hooking (Minor) at 7:56, Corey Tropp (Pro) for Interference (Minor) at 10:59, Tony DeAngelo (Spr) for Hooking (Minor) at 18:10
Goalie Stats
Daniel Altshuller (Pro), 32 saves from 36 shots - (0.889), L, 0-1-0, 58:46 minutes
Joonas Korpisalo (Spr), 30 saves from 33 shots - (0.909), W, 1-0-0, 60:00 minutes
Players Stats for Punishers
Player Name G A P +/- PIM S H SB GA TA FO MP PP MP PK MP
------------------------------------------------------------------------------------
Adam Pelech 1 1 2 1 2 1 1 2 1 2 0/0 27:02 3:24 8:17
Alex Schoenborn 0 0 0 0 0 0 0 0 0 0 0/0 0:11 0:10 0:00
Andreas Athanasiou 0 0 0 1 2 2 3 1 0 0 0/1 19:43 3:18 5:27
Anton Blidh 0 0 0 0 0 0 0 0 0 0 0/0 0:11 0:10 0:00
Austen Brassard 0 0 0 1 2 1 0 0 0 0 0/0 8:45 0:00 0:00
Austin Wagner 0 0 0 0 0 0 0 0 0 0 0/0 0:00 0:00 0:00
Ben Betker 0 0 0 -1 0 1 1 1 0 0 0/0 21:12 2:23 6:24
Carter Ashton 0 0 0 0 0 4 1 1 1 0 0/2 12:30 2:19 0:00
Connor Clifton 0 0 0 0 0 1 0 0 0 0 0/0 12:17 0:00 2:09
Corey Tropp 0 0 0 1 4 3 2 0 1 0 2/5 22:34 3:18 7:25
Daniel Audette 0 1 1 -2 0 1 0 0 0 0 0/2 6:26 0:00 0:00
Fredrik Claesson 0 0 0 -1 2 3 0 2 0 0 0/0 20:17 2:23 5:26
Gabriel Gagne 0 0 0 0 0 0 0 0 0 0 0/0 0:00 0:00 0:00
John Quenneville 1 0 1 1 0 3 0 1 0 0 1/6 8:46 0:00 0:00
Joseph Cramarossa 0 0 0 -2 2 1 0 1 0 0 0/1 7:48 0:00 1:09
Madison Bowey 0 0 0 0 0 1 1 3 0 0 0/0 27:00 3:24 9:54
Michael Joly 0 0 0 -2 2 1 0 0 0 0 0/0 6:52 0:00 0:00
Nicolas Roy 0 0 0 0 0 0 0 0 0 0 0/2 4:19 0:00 3:36
Nikita Gusev 0 1 1 1 2 2 0 0 1 0 0/0 9:20 0:00 0:00
Niko Mikkola 0 0 0 0 0 0 0 0 0 0 0/0 2:05 0:00 0:26
Noah Juulsen 0 0 0 0 0 0 0 0 0 1 0/0 10:24 0:00 0:00
Radek Faksa 1 0 1 0 0 5 0 0 2 1 7/14 18:03 2:19 5:29
Tyler Bertuzzi 0 0 0 0 0 1 0 1 0 0 0/0 12:30 2:19 0:00
Zack Hamill 0 0 0 1 0 2 1 4 2 0 18/38 25:17 3:28 9:30
Players Stats for Thunderbirds
Player Name G A P +/- PIM S H SB GA TA FO MP PP MP PK MP
------------------------------------------------------------------------------------
Brandon Montour 0 1 1 0 0 4 3 0 0 2 0/0 26:32 9:55 3:48
Christoffer Ehn 0 1 1 2 0 0 1 0 0 0 7/10 9:06 0:00 3:21
Devin Shore 0 1 1 -2 0 1 4 0 1 0 22/36 22:13 8:48 1:32
Dylan Sikura 1 0 1 2 0 1 0 0 0 0 0/0 5:45 0:00 0:00
Ethan Bear 0 0 0 -1 2 1 1 0 0 1 0/0 17:37 6:12 0:56
Jack Roslovic 0 0 0 0 0 2 2 1 0 0 4/7 9:32 0:00 0:07
Jacob De La Rose 0 0 0 0 0 2 0 1 0 1 0/0 12:46 0:00 3:21
Jujhar Khaira 0 1 1 -2 0 6 4 0 0 0 0/1 21:04 8:48 0:26
Martin Frk 0 0 0 0 0 3 2 0 1 0 1/1 9:25 0:00 0:00
Martin Marincin 0 0 0 1 0 0 1 0 0 0 0/0 17:20 0:00 3:12
Patrick Wey 0 2 2 1 2 1 3 0 0 1 0/0 22:48 6:12 0:00
Petr Straka 0 0 0 0 0 7 4 0 0 1 1/2 18:22 7:30 0:00
Roland McKeown 0 0 0 -1 0 0 0 0 0 1 0/0 11:42 0:11 1:59
Roope Hintz 1 0 1 0 0 1 1 0 0 0 2/2 12:48 0:00 2:00
T.J. Tynan 0 1 1 0 0 3 3 1 2 0 6/10 19:09 7:30 0:47
Timo Meier 1 0 1 -2 0 1 0 1 0 0 0/2 20:38 8:48 0:00
Tony DeAngelo 0 0 0 0 2 0 1 0 0 1 0/0 24:01 10:06 1:39
Valentin Zykov 1 1 2 2 0 3 1 0 0 0 0/0 13:22 7:30 0:00
3 Stars
1 - Valentin Zykov (Spr)
2 - Dylan Sikura (Spr)
3 - Adam Pelech (Pro)
Power Play
Punishers - 0 on 2 Attempt(s) - 0.00%
Thunderbirds - 1 on 10 Attempt(s) - 10.00%
Penalty Kill
Punishers - 9 on 10 Attempt(s) - 90.00%
- Score 0 goal in Penalty Kill
Thunderbirds - 2 on 2 Attempt(s) - 100.00%
- Score 0 goal in Penalty Kill
Team Stat
Punishers - Hits : 10 - Faceoff Wins : 28 - Blocked Shots : 17 - Penalty Minutes : 18
Thunderbirds - Hits : 31 - Faceoff Wins : 43 - Blocked Shots : 4 - Penalty Minutes : 6
Official
Referees : Unknown
Linesman : Unknown
Game Notes
14:26 of 3rd period - Penalty Shot by Adam Pelech for Punishers - Goal!
Finance
Level 1 -- Attendance: 1686 (84.30%) -- Ticket Income $67,440
Level 2 -- Attendance: 764 (76.40%) -- Ticket Income $15,280
Total Attendance: 2450 (81.67%)
Total Ticket Income: $82,720
Other Income: $4,136
Total Income: $86,856
Punishers
5 vs 5 Forward
Center Left Wing Right Wing Time % Phy DF OF
1 Zack Hamill Andreas Athanasiou Corey Tropp 40 1 2 2
2 Radek Faksa Tyler Bertuzzi Carter Ashton 30 1 2 2
3 John Quenneville Nikita Gusev Austen Brassard 20 1 2 2
4 Daniel Audette Joseph Cramarossa Michael Joly 10 1 2 2
5 vs 5 Defense
Defense Defense Time % Phy DF OF
1 Adam Pelech Madison Bowey 40 1 2 2
2 Ben Betker Fredrik Claesson 30 1 2 2
3 Noah Juulsen Connor Clifton 20 1 2 2
4 Niko Mikkola Adam Pelech 10 1 2 2
PowerPlay Forward
Center Left Wing Right Wing Time % Phy DF OF
1 Zack Hamill Andreas Athanasiou Corey Tropp 60 1 2 2
2 Radek Faksa Tyler Bertuzzi Carter Ashton 40 1 2 2
PowerPlay Defense
Defense Defense Time % Phy DF OF
1 Adam Pelech Madison Bowey 60 1 2 2
2 Ben Betker Fredrik Claesson 40 1 2 2
Penalty Kill 4 Players Forward
Center Wing Time % Phy DF OF
1 Zack Hamill Corey Tropp 60 1 2 2
2 Andreas Athanasiou Radek Faksa 40 1 2 2
Penalty Kill 4 Players Defense
Defense Defense Time % Phy DF OF
1 Adam Pelech Madison Bowey 60 1 2 2
2 Ben Betker Fredrik Claesson 40 1 2 2
Penalty Kill - 3 Players Forward
Forward Time % Phy DF OF
1 Zack Hamill 60 1 2 2
2 Corey Tropp 40 1 2 2
Penalty Kill - 3 Players Defense
Defense Defense Time % Phy DF OF
1 Adam Pelech Madison Bowey 60 1 2 2
2 Ben Betker Fredrik Claesson 40 1 2 2
4 vs 4 Forward
Center Wing Time % Phy DF OF
1 Zack Hamill Corey Tropp 60 1 2 2
2 Andreas Athanasiou Radek Faksa 40 1 2 2
4 vs 4 Defense
Defense Defense Time % Phy DF OF
1 Adam Pelech Madison Bowey 60 1 2 2
2 Ben Betker Fredrik Claesson 40 1 2 2
Last Minutes Offensive
Center Left Wing Right Wing Defense Defense
Zack Hamill Andreas Athanasiou Corey Tropp Adam Pelech Madison Bowey
Last Minutes Defensive
Center Left Wing Right Wing Defense Defense
Zack Hamill Andreas Athanasiou Corey Tropp Adam Pelech Madison Bowey
Goaltenders
Starting : Daniel Altshuller
Backup : Louis Domingue
Extra Forwards
Normal : Anton Blidh, Alex Schoenborn, Nicolas Roy - PP : Anton Blidh, Alex Schoenborn - PK : Nicolas Roy
Extra Defensemen
Normal : Noah Juulsen, Connor Clifton, Niko Mikkola - PP : Noah Juulsen - PK : Connor Clifton, Niko Mikkola
Penalty Shots
Zack Hamill, Corey Tropp, Andreas Athanasiou, Radek Faksa, Tyler Bertuzzi
Scratches
Brett Kulak (Healthy), Elias Lindholm (Healthy)
Thunderbirds
5 vs 5 Forward
Center Left Wing Right Wing Time % Phy DF OF
1 Devin Shore Jujhar Khaira Timo Meier 40 1 2 2
2 T.J. Tynan Roope Hintz Petr Straka 30 1 2 2
3 Jack Roslovic Jacob De La Rose Martin Frk 20 1 2 2
4 Christoffer Ehn Valentin Zykov Dylan Sikura 10 1 2 2
5 vs 5 Defense
Defense Defense Time % Phy DF OF
1 Patrick Wey Brandon Montour 40 1 2 2
2 Martin Marincin Tony DeAngelo 30 1 2 2
3 Roland McKeown Ethan Bear 20 1 2 2
4 Patrick Wey Martin Marincin 10 1 2 2
PowerPlay Forward
Center Left Wing Right Wing Time % Phy DF OF
1 Devin Shore Jujhar Khaira Timo Meier 60 1 2 2
2 T.J. Tynan Valentin Zykov Petr Straka 40 1 2 2
PowerPlay Defense
Defense Defense Time % Phy DF OF
1 Brandon Montour Tony DeAngelo 60 1 2 2
2 Patrick Wey Ethan Bear 40 1 2 2
Penalty Kill 4 Players Forward
Center Wing Time % Phy DF OF
1 Christoffer Ehn Jacob De La Rose 60 1 2 2
2 T.J. Tynan Roope Hintz 40 1 2 2
Penalty Kill 4 Players Defense
Defense Defense Time % Phy DF OF
1 Martin Marincin Brandon Montour 60 1 2 2
2 Tony DeAngelo Roland McKeown 40 1 2 2
Penalty Kill - 3 Players Forward
Forward Time % Phy DF OF
1 Christoffer Ehn 60 1 2 2
2 Jacob De La Rose 40 1 2 2
Penalty Kill - 3 Players Defense
Defense Defense Time % Phy DF OF
1 Roland McKeown Martin Marincin 60 1 2 2
2 Brandon Montour Tony DeAngelo 40 1 2 2
4 vs 4 Forward
Center Wing Time % Phy DF OF
1 Devin Shore Jujhar Khaira 60 1 2 2
2 T.J. Tynan Timo Meier 40 1 2 2
4 vs 4 Defense
Defense Defense Time % Phy DF OF
1 Patrick Wey Martin Marincin 60 1 2 2
2 Brandon Montour Tony DeAngelo 40 1 2 2
Last Minutes Offensive
Center Left Wing Right Wing Defense Defense
Devin Shore Jujhar Khaira Timo Meier Patrick Wey Tony DeAngelo
Last Minutes Defensive
Center Left Wing Right Wing Defense Defense
Christoffer Ehn Jacob De La Rose Dylan Sikura Brandon Montour Martin Marincin
Goaltenders
Starting : Joonas Korpisalo
Backup : Anders Nilsson
Extra Forwards
Normal : T.J. Tynan, Valentin Zykov, Jack Roslovic - PP : T.J. Tynan, Valentin Zykov - PK : Devin Shore
Extra Defensemen
Normal : Roland McKeown, Ethan Bear, Brandon Montour - PP : Roland McKeown - PK : Ethan Bear, Brandon Montour
Penalty Shots
Jack Roslovic, Devin Shore, Petr Straka, T.J. Tynan, Roope Hintz
Scratches
Alan Quine (Healthy), Collin Miller (Healthy), Scott Wilson (Healthy), Adam Clendening (Healthy), Nikita Nesterov (Healthy)
Hudson Fasching (Healthy), Eamon McAdam (Healthy)
% Time on Ice - Punishers
Lines # - Real PCT - Wanted PCT - Time Play
Normal Forward
1 - 33% - 40% - 12:30
2 - 27% - 30% - 10:13
3 - 23% - 20% - 8:46
4 - 17% - 10% - 6:26
Normal Defense
1 - 36% - 40% - 13:43
2 - 33% - 30% - 12:25
3 - 27% - 20% - 10:08
4 - 4% - 10% - 1:39
PP Forward
1 - 60% - 60% - 3:28
2 - 40% - 40% - 2:19
PP Defense
1 - 59% - 60% - 3:24
2 - 41% - 40% - 2:23
PK Forward
1 - 76% - 60% - 12:20
2 - 24% - 40% - 3:58
PK Defense
1 - 61% - 60% - 9:54
2 - 39% - 40% - 6:24
PK3 Forward
1 - 0% - 60%
2 - 0% - 40%
PK3 Defense
1 - 0% - 60%
2 - 0% - 40%
44 Forward
1 - 0% - 60%
2 - 0% - 40%
44 Defense
1 - 0% - 60%
2 - 0% - 40%
Last Minute Offensive - 0:00
Last Minute Defensive - 0:00
Total
Forward - 60:00
Defense - 60:00
|
% Time on Ice - Thunderbirds
Lines # - Real PCT - Wanted PCT - Time Play
Normal Forward
1 - 31% - 40% - 11:53
2 - 29% - 30% - 10:52
3 - 25% - 20% - 9:25
4 - 15% - 10% - 5:45
Normal Defense
1 - 36% - 40% - 13:30
2 - 31% - 30% - 11:34
3 - 24% - 20% - 9:01
4 - 10% - 10% - 3:50
PP Forward
1 - 54% - 60% - 8:48
2 - 46% - 40% - 7:30
PP Defense
1 - 62% - 60% - 10:06
2 - 38% - 40% - 6:12
PK Forward
1 - 86% - 60% - 5:00
2 - 14% - 40% - 0:47
PK Defense
1 - 66% - 60% - 3:48
2 - 34% - 40% - 1:59
PK3 Forward
1 - 0% - 60%
2 - 0% - 40%
PK3 Defense
1 - 0% - 60%
2 - 0% - 40%
44 Forward
1 - 0% - 60%
2 - 0% - 40%
44 Defense
1 - 0% - 60%
2 - 0% - 40%
Last Minute Offensive - 0:00
Last Minute Defensive - 0:00
Total
Forward - 60:00
Defense - 60:00
|
Play-by-Play
1st period
0:01 of 1st period - Devin Shore wins face-off versus Zack Hamill in neutral zone.
0:06 of 1st period - Madison Bowey is hit by Devin Shore and loses puck.
0:29 of 1st period - Icing by Radek Faksa.
0:30 of 1st period - Radek Faksa wins face-off versus Jack Roslovic in Punishers zone.
0:36 of 1st period - Wrist shot by Jack Roslovic.
0:36 of 1st period - Stopped by Daniel Altshuller without a rebound.
0:37 of 1st period - Martin Frk wins face-off versus John Quenneville in Punishers zone.
1:13 of 1st period - Wrist shot by T.J. Tynan.
1:13 of 1st period - Stopped by Daniel Altshuller with a rebound.
1:15 of 1st period - Minor Penalty to Joseph Cramarossa for Hooking.
1:16 of 1st period - Zack Hamill wins face-off versus Devin Shore in Punishers zone.
1:27 of 1st period - Slapshot by Jujhar Khaira.
1:27 of 1st period - Shot Blocked by Madison Bowey.
1:29 of 1st period - Slapshot by Tony DeAngelo.
1:29 of 1st period - Shot Misses the Net.
1:31 of 1st period - Slapshot by Brandon Montour.
1:31 of 1st period - Stopped by Daniel Altshuller without a rebound.
1:32 of 1st period - Zack Hamill wins face-off versus Petr Straka in Punishers zone.
2:00 of 1st period - Zack Hamill is hit by Patrick Wey and loses puck.
2:21 of 1st period - Backhand shot by Andreas Athanasiou.
2:21 of 1st period - Shot Misses the Net.
3:15 of 1st period - Penalty to Joseph Cramarossa is over, Joseph Cramarossa is back on ice.
5:14 of 1st period - Daniel Audette is hit by Martin Frk and loses puck.
5:37 of 1st period - Brandon Montour is hit by Corey Tropp and loses puck.
5:44 of 1st period - Snap shot by Corey Tropp.
5:44 of 1st period - Deflect By Andreas Athanasiou.
5:44 of 1st period - Stopped by Joonas Korpisalo without a rebound.
5:45 of 1st period - Radek Faksa wins face-off versus Timo Meier in Thunderbirds zone.
5:46 of 1st period - Snap shot by Carter Ashton.
5:46 of 1st period - Stopped by Joonas Korpisalo without a rebound.
5:47 of 1st period - Radek Faksa wins face-off versus Jujhar Khaira in Thunderbirds zone.
6:29 of 1st period - Icing by Ethan Bear.
6:30 of 1st period - John Quenneville wins face-off versus Jack Roslovic in Thunderbirds zone.
6:37 of 1st period - Snap shot by Nikita Gusev.
6:37 of 1st period - Stopped by Joonas Korpisalo with a rebound.
6:39 of 1st period - Slapshot by Noah Juulsen.
6:39 of 1st period - Shot Misses the Net.
6:41 of 1st period - Slapshot by Connor Clifton.
6:41 of 1st period - Stopped by Joonas Korpisalo without a rebound.
6:42 of 1st period - Devin Shore wins face-off versus Zack Hamill in Thunderbirds zone.
7:08 of 1st period - Tyler Bertuzzi is hit by Petr Straka and loses puck.
8:29 of 1st period - Slapshot by Petr Straka.
8:29 of 1st period - Deflect By T.J. Tynan.
8:29 of 1st period - Stopped by Daniel Altshuller without a rebound.
8:30 of 1st period - T.J. Tynan wins face-off versus Radek Faksa in Punishers zone.
8:31 of 1st period - Snap shot by Petr Straka.
8:31 of 1st period - Deflect By Carter Ashton.
8:31 of 1st period - Stopped by Daniel Altshuller with a rebound.
9:40 of 1st period - Wrist shot by Valentin Zykov.
9:40 of 1st period - Stopped by Daniel Altshuller without a rebound.
9:41 of 1st period - Christoffer Ehn wins face-off versus Daniel Audette in Punishers zone.
9:46 of 1st period - Slapshot by Dylan Sikura.
9:46 of 1st period - Shot Blocked by Fredrik Claesson.
9:48 of 1st period - Slapshot by Brandon Montour.
9:48 of 1st period - Shot Misses the Net.
9:50 of 1st period - Slapshot by Brandon Montour.
9:50 of 1st period - Stopped by Daniel Altshuller with a rebound.
9:52 of 1st period - Snap shot by Christoffer Ehn.
9:52 of 1st period - Shot Blocked by Joseph Cramarossa.
9:54 of 1st period - Wrist shot by Valentin Zykov.
9:54 of 1st period - Goal by Valentin Zykov - Punishers : 0 - Thunderbirds : 1.
9:55 of 1st period - Devin Shore wins face-off versus Zack Hamill in neutral zone.
10:00 of 1st period - Snap shot by Jujhar Khaira.
10:00 of 1st period - Shot Blocked by Andreas Athanasiou.
10:02 of 1st period - Minor Penalty to Adam Pelech for Hooking.
10:03 of 1st period - Zack Hamill wins face-off versus Devin Shore in Punishers zone.
10:32 of 1st period - Zack Hamill is hit by T.J. Tynan and loses puck.
10:52 of 1st period - Off-side.
10:53 of 1st period - Devin Shore wins face-off versus Andreas Athanasiou in neutral zone.
11:00 of 1st period - Snap shot by Devin Shore.
11:00 of 1st period - Stopped by Daniel Altshuller without a rebound.
11:01 of 1st period - Corey Tropp wins face-off versus Devin Shore in Punishers zone.
11:12 of 1st period - Wrist shot by Devin Shore.
11:12 of 1st period - Shot Blocked by Zack Hamill.
11:14 of 1st period - Slapshot by Ethan Bear.
11:14 of 1st period - Shot Hit the Post.
11:16 of 1st period - Slapshot by Patrick Wey.
11:16 of 1st period - Deflect By Zack Hamill.
11:16 of 1st period - Stopped by Daniel Altshuller without a rebound.
11:17 of 1st period - T.J. Tynan wins face-off versus Corey Tropp in Punishers zone.
11:30 of 1st period - Snap shot by Petr Straka.
11:30 of 1st period - Shot Blocked by Zack Hamill.
11:32 of 1st period - Slapshot by Brandon Montour.
11:32 of 1st period - Stopped by Daniel Altshuller without a rebound.
11:33 of 1st period - Zack Hamill wins face-off versus Devin Shore in Punishers zone.
11:33 of 1st period - Zack Hamill is hit by Brandon Montour.
12:02 of 1st period - Penalty to Adam Pelech is over, Adam Pelech is back on ice.
12:25 of 1st period - Slapshot by Martin Frk.
12:25 of 1st period - Deflect By Jack Roslovic.
12:25 of 1st period - Shot Blocked by Ben Betker.
12:25 of 1st period - Puck is out of play.
12:26 of 1st period - Jack Roslovic wins face-off versus Carter Ashton in Punishers zone.
12:33 of 1st period - Wrist shot by Martin Frk.
12:33 of 1st period - Stopped by Daniel Altshuller without a rebound.
12:34 of 1st period - Radek Faksa wins face-off versus Devin Shore in Punishers zone.
12:47 of 1st period - Slapshot by Radek Faksa.
12:47 of 1st period - Stopped by Joonas Korpisalo without a rebound.
12:48 of 1st period - Zack Hamill wins face-off versus Devin Shore in Thunderbirds zone.
12:49 of 1st period - Snap shot by Corey Tropp.
12:49 of 1st period - Stopped by Joonas Korpisalo without a rebound.
12:50 of 1st period - Zack Hamill wins face-off versus Devin Shore in Thunderbirds zone.
12:51 of 1st period - Wrist shot by Corey Tropp.
12:51 of 1st period - Deflect By Patrick Wey.
12:51 of 1st period - Shot Misses the Net.
12:51 of 1st period - Puck is out of play.
12:52 of 1st period - Zack Hamill wins face-off versus Devin Shore in Thunderbirds zone.
12:53 of 1st period - Slapshot by Corey Tropp.
12:53 of 1st period - Stopped by Joonas Korpisalo with a rebound.
13:59 of 1st period - Slapshot by Adam Pelech.
13:59 of 1st period - Stopped by Joonas Korpisalo with a rebound.
14:42 of 1st period - Snap shot by Radek Faksa.
14:42 of 1st period - Stopped by Joonas Korpisalo with a rebound.
14:44 of 1st period - Slapshot by Fredrik Claesson.
14:44 of 1st period - Stopped by Joonas Korpisalo with a rebound.
15:40 of 1st period - Roope Hintz is hit by Andreas Athanasiou and loses puck.
16:01 of 1st period - Snap shot by Radek Faksa.
16:01 of 1st period - Stopped by Joonas Korpisalo without a rebound.
16:02 of 1st period - Devin Shore wins face-off versus Carter Ashton in Thunderbirds zone.
16:17 of 1st period - Wrist shot by Radek Faksa.
16:17 of 1st period - Shot Blocked by Timo Meier.
17:35 of 1st period - Fredrik Claesson is hit by Valentin Zykov and loses puck.
18:15 of 1st period - Snap shot by Michael Joly.
18:15 of 1st period - Shot Misses the Net.
18:17 of 1st period - Slapshot by Daniel Audette.
18:17 of 1st period - Stopped by Joonas Korpisalo with a rebound.
18:19 of 1st period - Snap shot by Fredrik Claesson.
18:19 of 1st period - Shot Blocked by T.J. Tynan.
18:21 of 1st period - Slapshot by Fredrik Claesson.
18:21 of 1st period - Deflect By Daniel Audette.
18:21 of 1st period - Deflect By Petr Straka.
18:21 of 1st period - Shot Misses the Net.
18:21 of 1st period - Puck is out of play.
18:22 of 1st period - Devin Shore wins face-off versus Zack Hamill in Thunderbirds zone.
18:47 of 1st period - Patrick Wey is hit by Madison Bowey and loses puck.
19:36 of 1st period - Snap shot by Petr Straka.
19:36 of 1st period - Stopped by Daniel Altshuller with a rebound.
19:48 of 1st period - Minor Penalty to Austen Brassard for Interference.
19:49 of 1st period - Zack Hamill wins face-off versus T.J. Tynan in Punishers zone.
Goals for this period are 0 for Punishers vs 1 for Thunderbirds.
Shots for this period are 12 for Punishers vs 13 for Thunderbirds.
2nd period
0:01 of 2nd period - Devin Shore wins face-off versus Zack Hamill in neutral zone.
0:06 of 2nd period - Slapshot by Jujhar Khaira.
0:06 of 2nd period - Stopped by Daniel Altshuller with a rebound.
0:08 of 2nd period - Snap shot by Jujhar Khaira.
0:08 of 2nd period - Stopped by Daniel Altshuller with a rebound.
0:10 of 2nd period - Snap shot by Devin Shore.
0:10 of 2nd period - Shot Blocked by Adam Pelech.
0:12 of 2nd period - Wrist shot by Devin Shore.
0:12 of 2nd period - Shot Misses the Net.
0:14 of 2nd period - Snap shot by Timo Meier.
0:14 of 2nd period - Goal by Timo Meier - Punishers : 0 - Thunderbirds : 2.
0:15 of 2nd period - Devin Shore wins face-off versus Zack Hamill in neutral zone.
0:23 of 2nd period - Minor Penalty to Andreas Athanasiou for Roughing.
0:24 of 2nd period - Devin Shore wins face-off versus Zack Hamill in Punishers zone.
0:24 of 2nd period - Snap shot by Jujhar Khaira.
0:24 of 2nd period - Stopped by Daniel Altshuller with a rebound.
0:26 of 2nd period - Wrist shot by Timo Meier.
0:26 of 2nd period - Shot Blocked by Zack Hamill.
0:52 of 2nd period - Icing by Petr Straka.
0:53 of 2nd period - T.J. Tynan wins face-off versus Nicolas Roy in Thunderbirds zone.
1:28 of 2nd period - Wrist shot by T.J. Tynan.
1:28 of 2nd period - Shot Misses the Net.
1:30 of 2nd period - Wrist shot by T.J. Tynan.
1:30 of 2nd period - Deflect By Petr Straka.
1:30 of 2nd period - Stopped by Daniel Altshuller with a rebound.
1:32 of 2nd period - Wrist shot by Valentin Zykov.
1:32 of 2nd period - Shot Misses the Net.
1:34 of 2nd period - Slapshot by T.J. Tynan.
1:34 of 2nd period - Deflect By Petr Straka.
1:34 of 2nd period - Shot Misses the Net.
1:34 of 2nd period - Puck is out of play.
1:35 of 2nd period - Devin Shore wins face-off versus Nicolas Roy in Punishers zone.
2:23 of 2nd period - Penalty to Andreas Athanasiou is over, Andreas Athanasiou is back on ice.
2:30 of 2nd period - Backhand shot by Nikita Gusev.
2:30 of 2nd period - Stopped by Joonas Korpisalo without a rebound.
2:31 of 2nd period - Jack Roslovic wins face-off versus John Quenneville in Thunderbirds zone.
2:36 of 2nd period - Snap shot by Martin Frk.
2:36 of 2nd period - Shot Hit the Post.
2:38 of 2nd period - Slapshot by Martin Marincin.
2:38 of 2nd period - Shot Blocked by John Quenneville.
2:40 of 2nd period - Slapshot by Martin Frk.
2:40 of 2nd period - Stopped by Daniel Altshuller without a rebound.
2:41 of 2nd period - Zack Hamill wins face-off versus Devin Shore in Punishers zone.
3:12 of 2nd period - Wrist shot by Jack Roslovic.
3:12 of 2nd period - Stopped by Daniel Altshuller with a rebound.
3:28 of 2nd period - Snap shot by Zack Hamill.
3:28 of 2nd period - Stopped by Joonas Korpisalo with a rebound.
3:57 of 2nd period - Wrist shot by John Quenneville.
3:57 of 2nd period - Stopped by Joonas Korpisalo with a rebound.
3:59 of 2nd period - Snap shot by John Quenneville.
3:59 of 2nd period - Goal by John Quenneville - Punishers : 1 - Thunderbirds : 2.
4:00 of 2nd period - Devin Shore wins face-off versus Zack Hamill in neutral zone.
4:29 of 2nd period - Off-side.
4:30 of 2nd period - Radek Faksa wins face-off versus T.J. Tynan in neutral zone.
5:00 of 2nd period - Ben Betker is hit by Jujhar Khaira and loses puck.
5:30 of 2nd period - Icing by Zack Hamill.
5:31 of 2nd period - Zack Hamill wins face-off versus Christoffer Ehn in Punishers zone.
5:58 of 2nd period - Wrist shot by Jujhar Khaira.
5:58 of 2nd period - Stopped by Daniel Altshuller with a rebound.
6:00 of 2nd period - Snap shot by Roland McKeown.
6:00 of 2nd period - Shot Misses the Net.
6:02 of 2nd period - Slapshot by Ethan Bear.
6:02 of 2nd period - Shot Blocked by Madison Bowey.
6:04 of 2nd period - Wrist shot by Devin Shore.
6:04 of 2nd period - Shot Blocked by Zack Hamill.
6:06 of 2nd period - Slapshot by Jujhar Khaira.
6:06 of 2nd period - Stopped by Daniel Altshuller with a rebound.
6:22 of 2nd period - Slapshot by Martin Frk.
6:22 of 2nd period - Shot Misses the Net.
6:24 of 2nd period - Slapshot by Patrick Wey.
6:24 of 2nd period - Shot Misses the Net.
6:26 of 2nd period - Snap shot by Jacob De La Rose.
6:26 of 2nd period - Stopped by Daniel Altshuller without a rebound.
6:27 of 2nd period - Devin Shore wins face-off versus Radek Faksa in Punishers zone.
6:54 of 2nd period - Corey Tropp is hit by Roope Hintz and loses puck.
7:13 of 2nd period - Snap shot by Michael Joly.
7:13 of 2nd period - Stopped by Joonas Korpisalo with a rebound.
7:35 of 2nd period - Austen Brassard is hit by Martin Marincin and loses puck.
7:42 of 2nd period - Snap shot by Valentin Zykov.
7:42 of 2nd period - Stopped by Daniel Altshuller with a rebound.
7:44 of 2nd period - Snap shot by Valentin Zykov.
7:44 of 2nd period - Shot Misses the Net.
7:54 of 2nd period - Wrist shot by Carter Ashton.
7:54 of 2nd period - Stopped by Joonas Korpisalo without a rebound.
7:55 of 2nd period - Radek Faksa wins face-off versus Devin Shore in Thunderbirds zone.
7:59 of 2nd period - Minor Penalty to Patrick Wey for Tripping.
8:00 of 2nd period - Christoffer Ehn wins face-off versus Corey Tropp in Thunderbirds zone.
8:26 of 2nd period - Christoffer Ehn is hit by Adam Pelech and loses puck.
8:55 of 2nd period - Ben Betker is hit by Devin Shore and loses puck.
9:14 of 2nd period - Tyler Bertuzzi is hit by Brandon Montour and loses puck.
9:59 of 2nd period - Penalty to Patrick Wey is over, Patrick Wey is back on ice.
10:26 of 2nd period - Off-side.
10:27 of 2nd period - Devin Shore wins face-off versus Daniel Audette in neutral zone.
10:43 of 2nd period - Connor Clifton is hit by Patrick Wey and loses puck.
11:00 of 2nd period - Slapshot by Radek Faksa.
11:00 of 2nd period - Goal by Radek Faksa - Punishers : 2 - Thunderbirds : 2.
11:01 of 2nd period - Zack Hamill wins face-off versus Devin Shore in neutral zone.
11:37 of 2nd period - Carter Ashton is hit by Petr Straka.
11:51 of 2nd period - Austen Brassard is hit by Martin Frk and loses puck.
12:29 of 2nd period - Minor Penalty to Michael Joly for Hooking.
12:30 of 2nd period - Devin Shore wins face-off versus Zack Hamill in Punishers zone.
12:55 of 2nd period - Petr Straka is hit by Andreas Athanasiou and loses puck.
13:04 of 2nd period - Wrist shot by Valentin Zykov.
13:04 of 2nd period - Shot Misses the Net.
13:36 of 2nd period - Radek Faksa is hit by Jujhar Khaira and loses puck.
13:59 of 2nd period - Brandon Montour is hit by Andreas Athanasiou and loses puck.
14:29 of 2nd period - Penalty to Michael Joly is over, Michael Joly is back on ice.
14:46 of 2nd period - Zack Hamill is hit by Jack Roslovic and loses puck.
15:03 of 2nd period - Slapshot by John Quenneville.
15:03 of 2nd period - Stopped by Joonas Korpisalo with a rebound.
15:05 of 2nd period - Slapshot by Ben Betker.
15:05 of 2nd period - Shot Misses the Net.
15:07 of 2nd period - Wrist shot by Austen Brassard.
15:07 of 2nd period - Stopped by Joonas Korpisalo without a rebound.
15:08 of 2nd period - Radek Faksa wins face-off versus Jack Roslovic in Thunderbirds zone.
15:13 of 2nd period - Snap shot by Tyler Bertuzzi.
15:13 of 2nd period - Shot Blocked by Jacob De La Rose.
15:21 of 2nd period - Snap shot by Carter Ashton.
15:21 of 2nd period - Shot Misses the Net.
15:23 of 2nd period - Wrist shot by Tyler Bertuzzi.
15:23 of 2nd period - Shot Misses the Net.
15:45 of 2nd period - Minor Penalty to Nikita Gusev for Holding.
15:46 of 2nd period - Devin Shore wins face-off versus Zack Hamill in Punishers zone.
16:23 of 2nd period - Wrist shot by Petr Straka.
16:23 of 2nd period - Stopped by Daniel Altshuller with a rebound.
17:39 of 2nd period - Slapshot by Fredrik Claesson.
17:39 of 2nd period - Stopped by Joonas Korpisalo without a rebound.
17:40 of 2nd period - Petr Straka wins face-off versus Zack Hamill in Thunderbirds zone.
17:45 of 2nd period - Penalty to Nikita Gusev is over, Nikita Gusev is back on ice.
18:15 of 2nd period - Snap shot by Zack Hamill.
18:15 of 2nd period - Shot Misses the Net.
18:17 of 2nd period - Slapshot by Zack Hamill.
18:17 of 2nd period - Shot Blocked by Jack Roslovic.
18:19 of 2nd period - Slapshot by Fredrik Claesson.
18:19 of 2nd period - Stopped by Joonas Korpisalo without a rebound.
18:20 of 2nd period - Roope Hintz wins face-off versus Radek Faksa in Thunderbirds zone.
18:20 of 2nd period - Roope Hintz is hit by Carter Ashton.
19:02 of 2nd period - Wrist shot by Radek Faksa.
19:02 of 2nd period - Shot Misses the Net.
19:04 of 2nd period - Slapshot by Tyler Bertuzzi.
19:04 of 2nd period - Shot Misses the Net.
19:06 of 2nd period - Wrist shot by Tyler Bertuzzi.
19:06 of 2nd period - Stopped by Joonas Korpisalo with a rebound.
19:16 of 2nd period - Backhand shot by Radek Faksa.
19:16 of 2nd period - Stopped by Joonas Korpisalo with a rebound.
19:18 of 2nd period - Slapshot by Ben Betker.
19:18 of 2nd period - Deflect By Devin Shore.
19:18 of 2nd period - Stopped by Joonas Korpisalo without a rebound.
19:19 of 2nd period - T.J. Tynan wins face-off versus John Quenneville in Thunderbirds zone.
19:24 of 2nd period - Nikita Gusev is hit by T.J. Tynan.
19:30 of 2nd period - Snap shot by Petr Straka.
19:30 of 2nd period - Stopped by Daniel Altshuller without a rebound.
19:31 of 2nd period - Zack Hamill wins face-off versus T.J. Tynan in Punishers zone.
Goals for this period are 2 for Punishers vs 1 for Thunderbirds.
Shots for this period are 14 for Punishers vs 13 for Thunderbirds.
3rd period
0:01 of 3rd period - Devin Shore wins face-off versus Zack Hamill in neutral zone.
0:15 of 3rd period - Wrist shot by Jujhar Khaira.
0:15 of 3rd period - Stopped by Daniel Altshuller without a rebound.
0:16 of 3rd period - Roope Hintz wins face-off versus Radek Faksa in Punishers zone.
0:21 of 3rd period - Snap shot by Petr Straka.
0:21 of 3rd period - Shot Misses the Net.
0:23 of 3rd period - Slapshot by Patrick Wey.
0:23 of 3rd period - Shot Blocked by Madison Bowey.
0:25 of 3rd period - Slapshot by T.J. Tynan.
0:25 of 3rd period - Stopped by Daniel Altshuller with a rebound.
0:27 of 3rd period - Wrist shot by Roope Hintz.
0:27 of 3rd period - Goal by Roope Hintz - Punishers : 2 - Thunderbirds : 3.
0:28 of 3rd period - Zack Hamill wins face-off versus Devin Shore in neutral zone.
0:53 of 3rd period - Madison Bowey is hit by Brandon Montour and loses puck.
0:58 of 3rd period - Snap shot by Petr Straka.
0:58 of 3rd period - Deflect By Roope Hintz.
0:58 of 3rd period - Shot Misses the Net.
0:58 of 3rd period - Puck is out of play.
0:59 of 3rd period - Zack Hamill wins face-off versus T.J. Tynan in Punishers zone.
0:59 of 3rd period - Zack Hamill is hit by Tony DeAngelo.
1:09 of 3rd period - Snap shot by Corey Tropp.
1:09 of 3rd period - Stopped by Joonas Korpisalo with a rebound.
1:11 of 3rd period - Wrist shot by Zack Hamill.
1:11 of 3rd period - Stopped by Joonas Korpisalo with a rebound.
1:13 of 3rd period - Snap shot by Zack Hamill.
1:13 of 3rd period - Shot Misses the Net.
1:18 of 3rd period - Minor Penalty to Fredrik Claesson for Holding.
1:19 of 3rd period - Devin Shore wins face-off versus Zack Hamill in Punishers zone.
3:18 of 3rd period - Penalty to Fredrik Claesson is over, Fredrik Claesson is back on ice.
3:26 of 3rd period - Off-side.
3:27 of 3rd period - Jack Roslovic wins face-off versus John Quenneville in neutral zone.
3:38 of 3rd period - Connor Clifton is hit by Jack Roslovic and loses puck.
3:43 of 3rd period - Slapshot by Jack Roslovic.
3:43 of 3rd period - Shot Misses the Net.
3:56 of 3rd period - Slapshot by Nikita Gusev.
3:56 of 3rd period - Deflect By John Quenneville.
3:56 of 3rd period - Shot Misses the Net.
3:56 of 3rd period - Puck is out of play.
3:57 of 3rd period - T.J. Tynan wins face-off versus Corey Tropp in Thunderbirds zone.
4:24 of 3rd period - Tyler Bertuzzi is hit by Devin Shore and loses puck.
4:34 of 3rd period - Minor Penalty to Ethan Bear for Roughing.
4:35 of 3rd period - Zack Hamill wins face-off versus Christoffer Ehn in Thunderbirds zone.
6:34 of 3rd period - Penalty to Ethan Bear is over, Ethan Bear is back on ice.
6:44 of 3rd period - Petr Straka is hit by Ben Betker and loses puck.
7:30 of 3rd period - Carter Ashton is hit by T.J. Tynan and loses puck.
7:40 of 3rd period - Icing by Niko Mikkola.
7:41 of 3rd period - Devin Shore wins face-off versus Radek Faksa in Punishers zone.
7:44 of 3rd period - Snap shot by Dylan Sikura.
7:44 of 3rd period - Shot Blocked by Adam Pelech.
7:46 of 3rd period - Slapshot by Patrick Wey.
7:46 of 3rd period - Shot Blocked by Carter Ashton.
7:48 of 3rd period - Snap shot by Brandon Montour.
7:48 of 3rd period - Stopped by Daniel Altshuller without a rebound.
7:49 of 3rd period - Zack Hamill wins face-off versus Christoffer Ehn in Punishers zone.
7:56 of 3rd period - Minor Penalty to Corey Tropp for Hooking.
7:57 of 3rd period - Zack Hamill wins face-off versus Timo Meier in Punishers zone.
8:24 of 3rd period - Andreas Athanasiou is hit by Petr Straka and loses puck.
8:54 of 3rd period - Icing by T.J. Tynan.
8:55 of 3rd period - T.J. Tynan wins face-off versus Radek Faksa in Thunderbirds zone.
9:20 of 3rd period - Snap shot by Petr Straka.
9:20 of 3rd period - Shot Blocked by Fredrik Claesson.
9:30 of 3rd period - Ben Betker is hit by Jujhar Khaira and loses puck.
9:45 of 3rd period - Snap shot by Andreas Athanasiou.
9:45 of 3rd period - Stopped by Joonas Korpisalo with a rebound.
9:56 of 3rd period - Penalty to Corey Tropp is over, Corey Tropp is back on ice.
10:24 of 3rd period - Slapshot by Ethan Bear.
10:24 of 3rd period - Stopped by Daniel Altshuller without a rebound.
10:25 of 3rd period - Christoffer Ehn wins face-off versus Joseph Cramarossa in Punishers zone.
10:30 of 3rd period - Snap shot by Dylan Sikura.
10:30 of 3rd period - Goal by Dylan Sikura - Punishers : 2 - Thunderbirds : 4.
10:31 of 3rd period - Devin Shore wins face-off versus Zack Hamill in neutral zone.
10:36 of 3rd period - Wrist shot by Jujhar Khaira.
10:36 of 3rd period - Deflect By Devin Shore.
10:36 of 3rd period - Shot Misses the Net.
10:36 of 3rd period - Puck is out of play.
10:37 of 3rd period - Corey Tropp wins face-off versus Devin Shore in Punishers zone.
10:37 of 3rd period - Corey Tropp is hit by Devin Shore.
10:59 of 3rd period - Minor Penalty to Corey Tropp for Interference.
11:00 of 3rd period - Devin Shore wins face-off versus Zack Hamill in Punishers zone.
11:27 of 3rd period - Snap shot by Petr Straka.
11:27 of 3rd period - Shot Misses the Net.
11:29 of 3rd period - Slapshot by Ethan Bear.
11:29 of 3rd period - Deflect By Petr Straka.
11:29 of 3rd period - Stopped by Daniel Altshuller with a rebound.
11:33 of 3rd period - Wrist shot by Petr Straka.
11:33 of 3rd period - Stopped by Daniel Altshuller with a rebound.
11:35 of 3rd period - Snap shot by T.J. Tynan.
11:35 of 3rd period - Shot Misses the Net.
12:59 of 3rd period - Penalty to Corey Tropp is over, Corey Tropp is back on ice.
13:25 of 3rd period - John Quenneville is hit by Patrick Wey and loses puck.
13:36 of 3rd period - Slapshot by Carter Ashton.
13:36 of 3rd period - Stopped by Joonas Korpisalo without a rebound.
13:37 of 3rd period - Christoffer Ehn wins face-off versus Radek Faksa in Thunderbirds zone.
13:44 of 3rd period - Carter Ashton is hit by Ethan Bear and loses puck.
14:16 of 3rd period - Slapshot by Joseph Cramarossa.
14:16 of 3rd period - Stopped by Joonas Korpisalo without a rebound.
14:17 of 3rd period - Devin Shore wins face-off versus Zack Hamill in Thunderbirds zone.
14:23 of 3rd period - Patrick Wey is hit by Zack Hamill and loses puck.
14:26 of 3rd period - Penalty Shot by Adam Pelech for Punishers.
14:26 of 3rd period - Snap shot by Adam Pelech.
14:26 of 3rd period - Goal by Adam Pelech - Punishers : 3 - Thunderbirds : 4.
14:27 of 3rd period - Zack Hamill wins face-off versus Devin Shore in neutral zone.
14:28 of 3rd period - Devin Shore wins face-off versus Zack Hamill in Punishers zone.
14:53 of 3rd period - Madison Bowey is hit by Petr Straka and loses puck.
15:06 of 3rd period - Wrist shot by Petr Straka.
15:06 of 3rd period - Deflect By Radek Faksa.
15:06 of 3rd period - Shot Blocked by Tyler Bertuzzi.
15:06 of 3rd period - Puck is out of play.
15:07 of 3rd period - Jack Roslovic wins face-off versus John Quenneville in Punishers zone.
15:16 of 3rd period - Slapshot by Martin Frk.
15:16 of 3rd period - Stopped by Daniel Altshuller with a rebound.
16:55 of 3rd period - Corey Tropp is hit by Jujhar Khaira and loses puck.
17:14 of 3rd period - Ben Betker is hit by Christoffer Ehn.
18:10 of 3rd period - Minor Penalty to Tony DeAngelo for Hooking.
18:11 of 3rd period - Christoffer Ehn wins face-off versus Zack Hamill in Thunderbirds zone.
18:20 of 3rd period - Slapshot by Ethan Bear.
18:20 of 3rd period - Deflect By Jacob De La Rose.
18:20 of 3rd period - Stopped by Daniel Altshuller without a rebound.
18:21 of 3rd period - Christoffer Ehn wins face-off versus Zack Hamill in Punishers zone.
18:44 of 3rd period - Wrist shot by Zack Hamill.
18:44 of 3rd period - Shot Misses the Net.
18:46 of 3rd period - Punishers, Daniel Altshuller is pulled from the net.
18:46 of 3rd period - Slapshot by Madison Bowey.
18:46 of 3rd period - Stopped by Joonas Korpisalo without a rebound.
18:47 of 3rd period - Alex Kovalev call a timeout for Punishers.
18:47 of 3rd period - Christoffer Ehn wins face-off versus Zack Hamill in Thunderbirds zone.
18:47 of 3rd period - Christoffer Ehn is hit by Corey Tropp.
19:19 of 3rd period - Wrist shot by Carter Ashton.
19:19 of 3rd period - Stopped by Joonas Korpisalo with a rebound.
Goals for this period are 1 for Punishers vs 2 for Thunderbirds.
Shots for this period are 7 for Punishers vs 10 for Thunderbirds.